 Dungeon Crawl Stone Soup version 0.29.1-15-g9cfb28693d (webtiles) character file.

Game seed: 13809931060899350807

10 javelincjr the Magician (level 2, 17/19 HPs)
             Began as a Demonspawn Hedge Wizard on Apr 19, 2023.
             Was a Follower of Wu Jian.
             Quit the game on level 1 of the Dungeon.
             The game lasted 00:01:34 (421 turns).

javelincjr the Magician (Demonspawn Hedge Wizard)    Turns: 421, Time: 00:01:35

Health: 17/19      AC:  2    Str: 10    XL:     2   Next: 10%
Magic:  2/6        EV: 12    Int: 15    God:    Wu Jian [*.....]
Gold:   0          SH:  0    Dex: 12    Spells: 6/7 levels left

rFire   . . .      SeeInvis .   g - +0 spear
rCold   . . .      Faith    .   (no shield)
rNeg    . . .      Spirit   .   b - +0 robe
rPois   .          Reflect  .   c - +0 hat
rElec   .          Harm     .   (no cloak)
rCorr   .          Rampage  .   (no gloves)
Will    .....                   (no boots)
Stlth   ++........              (no amulet)
HPRegen 0.06/turn               (no ring)
MPRegen 0.10/turn               (no ring)

@: no status effects
A: demonic guardian 1
a: Renounce Religion


You were on level 1 of the Dungeon.
You worshipped Wu Jian.
Wu Jian was aware of your devotion.
You visited 1 branch of the dungeon, and saw 1 of its levels.

Inventory:

Hand Weapons
 a - a +0 dagger
 g - a +0 spear (weapon)
Armour
 b - a +0 robe (worn)
 c - a +0 hat (worn)
Scrolls
 f - a scroll of brand weapon {unknown}
Potions
 d - a potion of magic
 e - a potion of curing {unknown}
 h - a potion of mutation {unknown}


   Skills:
 + Level 0.0 Fighting
 + Level 1.8 Dodging
 + Level 2.0 Stealth
 * Level 3.1 Spellcasting
 + Level 1.1 Conjurations
 + Level 1.2 Summonings
 + Level 1.0 Translocations


You had 6 spell levels left.
You knew the following spells:

 Your Spells              Type           Power      Damage    Failure   Level
a - Magic Dart            Conj           20%        1d4       12%         1

Your spell library contained the following spells:

 Spells                   Type           Power      Damage    Failure   Level
 Blink                    Tloc           10%        N/A       19%         2
 Call Imp                 Summ           6%         N/A       19%         2
 Slow                     Hex            8%         N/A       21%         1
 Conjure Flame            Conj/Fire      4%         6-21      43%         3
 Mephitic Cloud           Conj/Pois/Air  3%         N/A       45%         3


Dungeon Overview and Level Annotations

Branches:
Dungeon (1/15)

Altars:
Wu Jian


Innate Abilities, Weirdness & Mutations

A weak demonic guardian rushes to your aid.


Message History

You hit the goblin.
You kill the goblin!
Your Stealth skill increases to level 2!
You have reached level 2!
Your demonic ancestry asserts itself...
You feel the presence of a demonic guardian.
You reach to attack!
You barely miss the frilled lizard.
You hit the frilled lizard but do no damage.
A kobold comes into view. It is wielding a +0 short sword.
The frilled lizard bites you.
You miss the frilled lizard. The frilled lizard closely misses you.
Your magical contamination has completely faded away.
You barely miss the frilled lizard. The frilled lizard bites you.
You miss the frilled lizard. The frilled lizard misses you.
You hit the frilled lizard.
You kill the frilled lizard!
The kobold throws a stone.
The stone barely misses you.
The magic dart hits the kobold.
You kill the kobold!
You can't see any susceptible monsters within range! (Use Z to cast anyway.)
You can't see any susceptible monsters within range! (Use Z to cast anyway.)
Things that are here:
a +0 dagger; a frilled lizard corpse
Found 8 gold pieces.
Things that are here:
a +0 short sword; 4 stones
Things that are here:
a +0 short sword; 4 stones
Things that are here:
a +0 dagger; a frilled lizard corpse
There is a faded altar of an unknown god here.
There is a faded altar of an unknown god here.
You cannot tell which god this altar belongs to.
Convert to them anyway?
Wu Jian accepts your prayer! The Council welcomes you!
You can now perform damaging attacks by moving towards foes.
You can now lightly attack monsters by moving around them.
Annotate which branch? (. - D:1, ? - help, ! - show branch list)
Okay, then.
Are you sure you want to abandon this character and quit the game? (Confirm with "yes".)

...###.#....### #.#.# .
###)#....# #.#.######.
.......... ..#........
#...#+#.#######........
#......................
##..#.#.#.#####.†......
####..#.#.#.#............
.........................
........@....).....#.....
......#[#................
...............)...#.#...
....#..........#.#.#.#.#.
..# #!.............# .
#................#
##.#.#.#.#.#.#.#.#
........$...... ..
.#.#.#.#.#.#. .#


There were no monsters in sight!

Vanquished Creatures
  2 endoplasms (D:1)
  3 goblins (D:1)
  A hobgoblin (D:1)
  A ball python (D:1)
  A frilled lizard (D:1)
  A kobold (D:1)
9 creatures vanquished.

Notes
Turn   | Place    | Note
-------+----------+-------------------------------------------
     0 | D:1      | javelincjr the Demonspawn Hedge Wizard began the quest for
                  | the Orb.
     0 | D:1      | Reached XP level 1. HP: 13/13 MP: 4/4
    88 | D:1      | Reached skill level 1 in Translocations
   392 | D:1      | Found a faded altar of an unknown god.
   399 | D:1      | Gained mutation: A weak demonic guardian rushes to your
                  | aid. [demonic ancestry]
   399 | D:1      | Reached XP level 2. HP: 19/19 MP: 1/6
   420 | D:1      | Prayed at the altar of an unknown god.
   420 | D:1      | Became a worshipper of the Wu Jian Council
   420 | D:1      | Reached * piety under Wu Jian
   421 | D:1      | Quit the game

Illustrated notes

Levels and vault maps discovered:
D:1:      dpeg_arrival_rhombus, layout_basic, basic_ecumenical_altar,
          st_stairs_13

Skill      XL: |  1 |
---------------+----+-----
Translocations | 1 |  1.0
Stealth        | 2 |  2.0
Dodging        | |  1.8
Spellcasting   | |  3.1
Conjurations   | |  1.1
Summonings     | |  1.2

Action                   || total
-------------------------++-------
Melee: Spear             ||    15
       Dagger            ||     3
 Cast: Magic Dart        ||     9
 Stab: Sleeping          ||     1
Armor: Robe              ||     1
Dodge: Dodged            ||     6
